 Dungeon Crawl Stone Soup version 0.29-a0-241-g20d21d4356 (webtiles) character file.

Game seed: 2957235140704447683

7189 HotDog the Basher (level 11, 0/67 HPs)
             Began as a Gargoyle Fighter on Mar 4, 2022.
             Was a Follower of the Shining One.
             Slain by Snorg (7 damage)
             ... on level 10 of the Dungeon.
             The game lasted 00:19:37 (12252 turns).

HotDog the Basher (Gargoyle Fighter)               Turns: 12252, Time: 00:19:38

Health: 0/67       AC: 29    Str: 24    XL:     11   Next: 11%
Magic:  13/15      EV: 11    Int: 13    God:    the Shining One [*.....]
Gold:   74         SH: 19    Dex: 15    Spells: 10/10 levels left

rFire   . . .      SeeInvis .   a - +1 flail
rCold   . . .      Faith    .   E - +0 kite shield
rNeg    + + .      Spirit   .   o - +5 scale mail of the Delightful God {rN+ Int+2 Slay+2}
rPois   ∞          Reflect  .   f - +0 helmet
rElec   +          Harm     .   (no cloak)
rCorr   .          Rampage  .   I - +0 pair of gloves
Will    .....                   G - +0 pair of boots
Stlth   +.........              (no amulet)
HPRegen 0.21/turn               l - +4 ring of protection
MPRegen 0.14/turn               w - +6 ring of dexterity

@: divinely shielded, glowing
A: sickness immunity, AC +8, negative energy resistance 1, electricity
resistance, torment resistance 1, petrification resistance, claws 1, clever 1,
evolution 1, sturdy frame 1
a: Renounce Religion, Divine Shield


You were on level 10 of the Dungeon.
You worshipped the Shining One.
The Shining One was aware of your devotion.
You visited 2 branches of the dungeon, and saw 12 of its levels.

You collected 485 gold pieces.
You spent 411 gold pieces at shops.

Inventory:

Hand Weapons
 a - a +1 flail (weapon)
Missiles
 r - a throwing net (quivered)
Armour
 f - a +0 helmet (worn)
 n - a +0 chain mail
 o - the +5 scale mail of the Delightful God (worn) {rN+ Int+2 Slay+2}
   (You found it on level 2 of the Dungeon)

   Int:       It affects your intelligence (+2).
   Slay:      It affects your accuracy & damage with ranged weapons and melee
   (+2).
   rN:        It protects you from negative energy.
 x - a +0 plate armour
 E - a +0 kite shield (worn)
 G - a +0 pair of boots (worn)
 I - a +0 pair of gloves (worn)
Jewellery
 h - a ring of ice
 l - a +4 ring of protection (left hand)
 u - a ring of flight
 w - a +6 ring of dexterity (right hand)
 D - a ring of wizardry
 F - an amulet of magic regeneration
Wands
 b - a wand of mindburst (10)
 c - a wand of acid (2)
 z - a wand of charming (6)
Scrolls
 d - a scroll of torment
 g - a scroll of enchant armour
 i - 5 scrolls of teleportation
 j - 3 scrolls of amnesia
 q - a scroll of identify
 s - 3 scrolls of immolation
 v - 3 scrolls of fear
 y - a scroll of silence
 A - a scroll of noise
 B - a scroll of enchant weapon
 C - a scroll of fog
Potions
 k - a potion of cancellation
 p - a potion of flight
 t - 2 potions of mutation


   Skills:
 * Level 7.5 Fighting
 * Level 11.0 Maces & Flails
 * Level 7.8 Armour
 * Level 4.2 Dodging
 * Level 6.8 Shields
 * Level 5.6 Invocations


You had 10 spell levels left.
You didn't know any spells.
Your spell library contained the following spells:

 Spells                   Type           Power      Damage    Failure   Level
 Apportation              Tloc           0%         N/A       80%         1
 Summon Small Mammal      Summ           0%         N/A       80%         1
 Static Discharge         Conj/Air       0%         N/A       90%         2
 Dispel Undead            Necr           0%         3d6       100%        4
 Sticky Flame             Conj/Fire      0%         2d3       100%        4
 Alistair's Intoxication  Tmut/Pois      0%         N/A       100%        5


Dungeon Overview and Level Annotations

Branches:
Dungeon (11/15)            Temple (1/1) D:7
   Lair: D:8-11         Orc: D:9-12

Altars:
Cheibriados
Dithmenos
Elyvilon
Fedhas
Kikubaaqudgha
Makhleb
Nemelex Xobeh
Okawaru
Qazlal
Ru
Sif Muna
Trog
Uskayaw
Vehumet
Wu Jian
Xom
Yredelemnul
Zin
The Shining One

Shops:
D:6 ?   D:9 (!**[

Annotations:
D:5 2 transporters
D:10 Snorg
D:11 Harold


Innate Abilities, Weirdness & Mutations

You are immune to sickness and miasma.
Your stone body is resilient. (AC +8)
You are immune to poison.
You resist negative energy. (rN+)
You are resistant to electric shocks. (rElec)
You are resistant to unholy torment.
You are immune to petrification.
You have sharp fingernails.
Your mind is acute. (Int +2)
You have hidden genetic potential.
Your movements are slightly less encumbered by armour. (ER -2)


Message History

You hit Snorg.
Snorg is severely wounded.
You block Snorg's attack. Snorg claws you but does no damage.
You block Snorg's attack. Snorg closely misses you. Snorg barely misses you. x2
You thump Snorg!
Snorg is severely wounded.
You block Snorg's attack. Snorg claws you!
* * * LOW HITPOINT WARNING * * *
You block Snorg's attack.
You feel better. You block Snorg's attack. Snorg claws you.
* * * LOW HITPOINT WARNING * * *
Snorg barely misses you. Snorg bites you.
* * * LOW HITPOINT WARNING * * *
Snorg claws you.
* * * LOW HITPOINT WARNING * * *
Snorg claws you but does no damage.
You feel better. Snorg bites you but does no damage. Snorg claws you!
* * * LOW HITPOINT WARNING * * *
Snorg closely misses you.
You feel better. You block Snorg's attack. x2
Snorg claws you but does no damage. Snorg closely misses you. Snorg claws you.
* * * LOW HITPOINT WARNING * * *
You block Snorg's attack.
You feel better. You block Snorg's attack. Snorg barely misses you.
Snorg claws you!
* * * LOW HITPOINT WARNING * * *
You sock Snorg!
Snorg is almost dead.
You block Snorg's attack. x3; Snorg closely misses you.
You block Snorg's attack. Snorg claws you but does no damage.
You barely miss Snorg.
Snorg is almost dead.
You block Snorg's attack. x2; Snorg barely misses you.
You sock Snorg!
Snorg is almost dead.
Snorg bites you but does no damage. You block Snorg's attack.
Snorg claws you but does no damage. Snorg bites you.
* * * LOW HITPOINT WARNING * * *
Snorg claws you!
You die...

#.. #. .. .....
#..#######.. ...
##...####..#........
...##.....##............
.......................
#.....................
#.....................
#.....T........[....(.
#....@..........).....
#................#))).
#................###T.
##..............## #..
##............## #.[
...###....###### #.. ...
#....# #.. ##.. #....#
##. # ......# ####.


You could see Snorg (berserk).

Vanquished Creatures
  A centaur warrior (D:9)
  A two-headed ogre (D:10)
  2 hornets
  2 trolls
  6 yaks (D:9)
  A vampire mosquito (D:9)
  A steam dragon (D:8)
  2 water moccasins
  2 acid dragons (D:9)
  An orc warrior (D:7)
  2 sky beasts
  2 ogres
  3 centaurs
  2 phantoms
  4 kobold brigands
  3 bullfrogs
  A gnoll sergeant (D:10)
  A scorpion (D:7)
  20 wights
  A killer bee (D:9)
  3 howler monkeys
  6 jellies
  4 crimson imps (D:8)
  5 hounds
  An orc priest (D:7)
  5 iguanas
  4 orc wizards
  8 gnolls
  6 adders
  A shadow imp (D:6)
  2 white imps
  2 ufetubi
  2 worms
  A dart slug (D:3)
  13 orcs
  17 endoplasms
  4 giant cockroaches
  7 goblins
  3 hobgoblins
  8 jackals
  31 kobolds
  7 quokkas
  4 ball pythons
  A bat (D:2)
  3 frilled lizards
  6 rats
212 creatures vanquished.

Vanquished Creatures (others)
  A gnoll (D:10)
  7 fungi (D:3)
  9 toadstools (D:3)
17 creatures vanquished.

Grand Total: 229 creatures vanquished

Notes
Turn   | Place    | Note
-------+----------+-------------------------------------------
     0 | D:1      | HotDog the Gargoyle Fighter began the quest for the Orb.
     0 | D:1      | Reached XP level 1. HP: 14/14 MP: 1/1
   182 | D:1      | Noticed a floating eye
   222 | D:1      | Noticed a great orb of eyes
   225 | D:1      | Found a faded altar of an unknown god.
   227 | D:1      | Noticed an eye of devastation
   227 | D:1      | Noticed a golden eye
   346 | D:1      | Reached XP level 2. HP: 19/19 MP: 2/2
   970 | D:1      | Reached XP level 3. HP: 18/23 MP: 3/3
  1259 | D:2      | Found a burning altar of Makhleb.
  1515 | D:2      | Identified the +5 scale mail of the Delightful God {rN+
                  | Int+2 Slay+2}
  2239 | D:3      | Found an ancient bone altar of Kikubaaqudgha.
  2330 | D:3      | Reached XP level 4. HP: 28/29 MP: 4/4
  2450 | D:3      | Reached skill level 3 in Maces & Flails
  2624 | D:3      | Reached XP level 5. HP: 17/33 MP: 5/5
  2629 | D:3      | Reached skill level 1 in Invocations
  3003 | D:4      | Reached skill level 1 in Dodging
  3023 | D:4      | Reached skill level 4 in Maces & Flails
  3146 | D:4      | Reached XP level 6. HP: 15/38 MP: 6/6
  3444 | D:4      | Found an ornate altar of the Wu Jian Council.
  3450 | D:4      | Noticed a spectral centipede
  3450 | D:4      | Noticed a spectral black mamba
  3450 | D:4      | Noticed a spectral cane toad
  3566 | D:4      | Found a radiant altar of Vehumet.
  3871 | D:5      | Entered Level 5 of the Dungeon
  3974 | D:5      | Reached XP level 7. HP: 37/44 MP: 8/8
  4088 | D:5      | Reached skill level 5 in Maces & Flails
  4211 | D:5      | Found a transporter.
  4742 | D:5      | Found a transporter.
  4962 | D:5      | Reached skill level 5 in Armour
  5436 | D:5      | Reached XP level 8. HP: 18/48 MP: 9/9
  5439 | D:5      | Reached skill level 6 in Maces & Flails
  6426 | D:6      | Reached skill level 5 in Fighting
  6571 | D:6      | Found Jiups's Magic Scroll Boutique.
  6901 | D:6      | Reached skill level 7 in Maces & Flails
  7214 | D:7      | Reached skill level 5 in Shields
  7223 | D:7      | Reached XP level 9. HP: 54/54 MP: 11/11
  7318 | D:7      | Found a staircase to the Ecumenical Temple.
  7364 | Temple   | Entered the Ecumenical Temple
  7521 | Temple   | Became a worshipper of the Shining One
  7585 | D:7      | Found a shimmering blue altar of Sif Muna.
  7638 | D:7      | Got Sif Muna's Tome of Companions
  7926 | D:7      | Noticed a hornet
  7947 | D:7      | Killed a hornet
  7948 | D:7      | Reached skill level 8 in Maces & Flails
  8833 | D:8      | Reached * piety under the Shining One
  8868 | D:8      | Found a shimmering altar of Xom.
  8953 | D:8      | Found a hide-covered altar of Uskayaw.
  8985 | D:8      | Reached skill level 9 in Maces & Flails
  9006 | D:8      | Reached XP level 10. HP: 56/60 MP: 13/13
  9125 | D:8      | Found a white marble altar of Elyvilon.
  9150 | D:8      | Found a snail-covered altar of Cheibriados.
  9714 | D:9      | Found Cusial's Weapon Emporium.
 10145 | D:9      | Found Tyirchisch's Assorted Antiques.
 10151 | D:9      | Found Atsotui Zioh's Antique Armour Shop.
 10153 | D:9      | Bought a scroll labelled CATALO UNUMO for 30 gold pieces
 10153 | D:9      | Bought a scroll labelled OLLUNU GIMAI for 30 gold pieces
 10153 | D:9      | Gained mutation: Your movements are slightly less
                  | encumbered by armour. (ER -2) [potion of mutation]
 10153 | D:9      | Gained mutation: You have sharp fingernails. [potion of
                  | mutation]
 10153 | D:9      | Gained mutation: You have hidden genetic potential. [potion
                  | of mutation]
 10157 | D:9      | Bought a pair of gloves for 130 gold pieces
 10187 | D:9      | Reached ** piety under the Shining One
 10570 | D:9      | Reached skill level 10 in Maces & Flails
 10590 | D:9      | Reached skill level 5 in Invocations
 10611 | D:10     | Entered Level 10 of the Dungeon
 10611 | D:10     | Noticed a centaur warrior
 10615 | D:9      | Found Moquz's General Store.
 11104 | D:9      | Found Yfytu's Distillery.
 11190 | D:9      | Bought a potion of curing for 39 gold pieces
 11190 | D:9      | Bought a potion of heal wounds for 65 gold pieces
 11190 | D:9      | Bought a potion of curing for 39 gold pieces
 11190 | D:9      | Bought a potion of curing for 39 gold pieces
 11190 | D:9      | Bought a potion of curing for 39 gold pieces
 11461 | D:10     | Noticed Snorg
 11522 | D:9      | Killed a centaur warrior
 11850 | D:10     | Noticed a two-headed ogre
 11858 | D:10     | Killed a two-headed ogre
 11859 | D:10     | Reached XP level 11. HP: 36/67 MP: 12/15
 12050 | D:10     | Reached skill level 11 in Maces & Flails
 12067 | D:10     | Gained mutation: Your mind is acute. (Int +2) [hidden
                  | potential]
 12218 | D:11     | Noticed Harold
 12241 | D:10     | Acquired the +2 pair of gloves of Eternal Night {*Slow
                  | rElec Will- Regen+}
 12245 | D:10     | HP: 2/67 [Snorg (9)]
 12252 | D:10     | Slain by Snorg

Illustrated notes

Levels and vault maps discovered:
D:1:      ncdulo_watergridlock, layout_loops_corners,
          hellmonk_ecumenical_altar_watching_god, serial_forest,
          infiniplex_forest_lined_room_3, infiniplex_forest_clump_tiny,
          infiniplex_forest_straight_1, infiniplex_forest_corner_2,
          infiniplex_forest_end_1
D:2:      layout_basic, basic_altar
D:3:      cheibrodos_fertilizer, layout_rooms, mainiacjoe_overflow_boulevard
D:4:      layout_rooms, nicolae_vehumet_radiance,
          pdpol_wu_jian_five_deadly_venoms
D:5:      gammafunk_cloud_chamber, layout_gridville, grunt_decor_one_mirror,
          columned_hall_lemuel
D:6:      layout_gridville, nicolae_stop_n_shop_1
D:7:      layout_loops_ring, led_sif_book, minmay_temple_entry_antechambers,
          minmay_misc_feat_chi
D:8:      layout_cave_pods, led_xom_imps, mainiacjoe_overflow_catwalk,
          mainiacjoe_overflow_large_starburst
D:9:      layout_long_grid, serial_shops, shop,
          nicolae_shop_bloodbath_and_beyond, shop, nicolae_shop_crystal, shop,
          kennysheep_generic_room_11
D:10:     layout_rooms, nicolae_overflow_crystal_walls,
          hangedman_decor_diamond_cutter, uniq_nergalle, uniq_snorg,
          uniq_amaemon
D:11:     layout_cross, dpeg_oklobed_lair, gauntlet_entry_generic,
          minmay_misc_feat_plants, uniq_lodul, uniq_harold
Temple:   nicolae_temple_figure_eight

Skill      XL: |  1  2  3  4  5  6  7  8  9 10 11 |
---------------+----------------------------------+-----
Maces & Flails | 3 4 5 7 9 10 11 | 11.0
Invocations    | 1 2 3 4 5 |  5.6
Fighting       | 4 5 6 7 |  7.5
Armour         | 4 5 6 7 |  7.8
Dodging        | 1 2 3 4 |  4.2
Shields        | 4 5 6 |  6.8

Action                   |  1- 3 |  4- 6 |  7- 9 | 10-12 || total
-------------------------+-------+-------+-------+-------++-------
Melee: Flail             |   134 |   193 |   355 |   222 ||   904
Invok: Divine Shield     |       |       |       |     5 ||     5
  Use: Scroll            |     3 |     1 |     5 |     5 ||    14
       Potion            |       |       |     1 |    12 ||    13
Armor: Scale mail        |    68 |   143 |   250 |   131 ||   592
Dodge: Dodged            |    61 |   105 |   171 |   141 ||   478
Block: Buckler           |    26 |    37 |    71 |    77 ||   211
       Kite shield       |       |       |       |    63 ||    63

Table legend: (Time is in decaauts)
 A = Elapsed time spent in this place.
 B = Non-inter-level travel time spent in this place.
 C = Inter-level travel time spent in this place.
 D = Time resting spent in this place.
 E = Time spent auto-exploring this place.
 F = Levels seen in this place.
 G = Mean time per level.
                   A        B        C        D        E       F      G
               +--------+--------+--------+--------+--------+-----+--------+
         Total |  12362 |  11744 |    618 |   2725 |   6839 |  12 | 1030.2 |
       Dungeon |  12169 |  11583 |    586 |   2725 |   6692 |  11 | 1106.3 |
        Temple |    193 |    161 |     32 |      0 |    147 |   1 |  193.0 |
               +--------+--------+--------+--------+--------+-----+--------+

Top non-repeatable levels by time:
     D:5: 1920 daAuts
     D:9: 1700 daAuts
     D:8: 1349 daAuts
     D:7: 1268 daAuts
     D:3: 1259 daAuts
     D:1: 1178 daAuts
     D:4: 1160 daAuts
     D:6: 968 daAuts
     D:2: 947 daAuts
    D:10: 409 daAuts
  Temple: 193 daAuts
    D:11: 6 daAuts
